Map: Ley Lines

Players

Lambo

  • Race: Zerg Zerg
  • Spawn Location: 1:00

VITRyung (Ryung) - Winner!

  • Race: Terran Terran
  • League: Master
  • Spawn Location: 7:00

Event: HomeStory Cup XXVII

VOD

Have the link to the VOD?

Description

Time

  • Played on: June 27, 2025, 8:31 a.m.
  • Length: 9:59

All games in this series

Show
View Real Time Build Order
Export as new Build Order

Lambo Zerg 

Build Orders: Hatch First 

Get SALT Encoding   

  12  0:00  Drone  
  13  0:08  Drone  
  14  0:15  Drone, Extractor  
  15  0:21  Overlord  
  15  0:40  Drone  
  16  0:44  Hatchery  
  16  0:48  Drone  
  16  0:53  Drone  
  16  0:56  Drone  
  18  1:08  Extractor  
  18  1:10  Spawning Pool  
  16  1:14  Drone  
  17  1:18  Drone  
  18  1:27  Drone  
  19  1:37  Drone  
  20  1:48  Drone  
  21  1:57  Queen x2  
  21  1:58  Zergling x2  
  21  1:59  Zergling x2  
  27  2:07  Drone  
  28  2:09  Overlord  
  28  2:15  Metabolic Boost  
  28  2:28  Drone x3  
  31  2:30  Drone  
  31  2:36  Hatchery  
  31  2:39  Drone  
  31  2:43  Overlord  
  32  2:52  Queen  
  32  2:56  Drone x2  
  36  3:02  Drone  
  36  3:03  Drone  
  38  3:07  Drone x2, Overlord  
  38  3:10  Drone  
  38  3:12  Drone  
  42  3:15  Drone  
  43  3:22  Extractor, Queen  
  45  3:27  Queen  
  45  3:29  Drone  
  45  3:33  Zergling x2  
  49  3:39  Drone x2, Roach Warren  
  50  3:42  Overlord  
  50  3:46  Drone x2  
  52  3:49  Zergling x2  
  52  3:50  Zergling x2  
  52  3:51  Drone  
  52  3:55  Drone  
  56  3:57  Overlord  
  56  4:00  Drone x2  
  56  4:01  Drone  
  59  4:05  Zergling x4  
  61  4:13  Drone x3  
  61  4:15  Queen  
  66  4:21  Spore Crawler  
  66  4:22  Drone  
  66  4:23  Drone, Spore Crawler  
  65  4:24  Drone  
  65  4:30  Drone  
  65  4:31  Lair  
  67  4:34  Extractor  
  67  4:35  Overlord x2  
  66  4:47  Overlord  
  66  4:51  Overlord  
  66  4:55  Drone x8, Spore Crawler  
  75  5:00  Roach  
  75  5:04  Drone x2  
  75  5:05  Hatchery  
  76  5:07  Drone x5  
  76  5:09  Extractor  
  76  5:10  Drone x2  
  76  5:11  Extractor  
  76  5:13  Drone x2  
  83  5:15  Drone  
  83  5:17  Extractor  
  83  5:18  Extractor  
  83  5:20  Evolution Chamber  
  81  5:21  Evolution Chamber  
  81  5:23  Drone x2  
  81  5:25  Drone  
  83  5:29  Roach  
  83  5:33  Drone  
  83  5:34  Drone  
  87  5:37  Glial Reconstitution  
  87  5:38  Drone x4  
  87  5:41  Roach x3  
  97  5:45  Zerg Ground Armor Level 1  
  97  5:49  Overlord  
  97  5:53  Zerg Melee Weapons Level 1, Overlord  
  97  5:59  Overlord  
  97  6:04  Overlord, Infestation Pit  
  97  6:08  Roach x4  
  97  6:09  Overlord  
  106  6:12  Roach  
  106  6:13  Drone  
  106  6:14  Roach  
  108  6:19  Roach x3  
  108  6:22  Drone x3  
  117  6:28  Baneling Nest, Roach x2  
  117  6:29  Drone  
  117  6:30  Drone  
  117  6:32  Drone x2  
  121  6:36  Drone x2  
  121  6:38  Drone x3  
  126  6:41  Roach  
  128  6:47  Drone x3  
  131  6:54  Drone x5  
  131  6:55  Hive  
  131  6:59  Extractor  
  131  7:00  Roach  
  131  7:01  Overlord x2, Roach x3  
  143  7:02  Overlord  
  143  7:03  Overlord  
  143  7:05  Overlord  
  143  7:06  Overlord  
  143  7:07  Overlord  
  143  7:08  Overlord  
  143  7:10  Overlord  
  143  7:13  Centrifugal Hooks  
  143  7:14  Overlord  
  143  7:21  Infestor x2  
  143  7:22  Zergling x4  
  149  7:23  Ravager x3  
  152  7:30  Zergling x12  
  152  7:33  Zergling x6  
  159  7:39  Roach  
  159  7:40  Hatchery, Roach x5  
  159  7:43  Roach x3  
  172  7:48  Roach  
  172  7:50  Ravager x2  
  170  7:52  Zergling x6  
  170  7:53  Baneling x8  
  170  7:56  Roach x4  
  181  7:58  Zergling x2  
  181  7:59  Zergling x2  
  181  8:03  Zergling x12  
  158  8:11  Roach x4  
  134  8:14  Roach x2  
  134  8:19  Queen x2, Roach x2  
  129  8:22  Ravager x2  
  129  8:23  Roach  
  129  8:24  Queen  
  129  8:26  Roach x2  
  126  8:28  Queen  
  126  8:31  Roach  
  127  8:35  Ravager x2  
  127  8:36  Zergling x8  
  127  8:37  Zergling x2  
  127  8:38  Ravager  
  127  8:40  Zergling x4  
  127  8:47  Zergling x2  
  127  8:48  Zergling x4  
  124  8:49  Zergling x2  
  124  8:53  Ravager x2  
  127  8:56  Roach  
  127  8:59  Queen x2  
  127  9:00  Roach x4  
  127  9:02  Ravager  
  138  9:03  Zergling x4  
  138  9:08  Zergling x4  
  142  9:10  Zergling x4  
  140  9:17  Roach  
  140  9:19  Roach  
  140  9:22  Roach x2  
  145  9:27  Viper  
  145  9:31  Zergling x12  
  151  9:32  Ravager  
  151  9:33  Ravager  
  151  9:34  Zergling x8  
Show
View Real Time Build Order
Export as new Build Order

VITRyung Terran - Winner!

Build Orders:  

Get SALT Encoding   

  12  0:00  SCV  
  13  0:12  SCV  
  14  0:17  Supply Depot  
  14  0:24  SCV  
  15  0:38  SCV  
  15  0:40  Barracks  
  16  0:50  SCV  
  16  0:52  Refinery  
  17  1:02  SCV  
  18  1:15  SCV  
  19  1:26  Marine  
  19  1:27  Orbital Command  
  20  1:36  Command Center  
  20  1:44  Marine  
  20  1:46  Supply Depot  
  21  1:53  SCV  
  22  2:02  Factory  
  22  2:05  SCV  
  23  2:12  Barracks Reactor  
  23  2:17  SCV  
  24  2:29  SCV  
  25  2:34  Command Center  
  25  2:41  SCV  
  26  2:48  Orbital Command  
  26  2:53  SCV  
  26  2:55  Hellion  
  26  2:56  Hellion  
  31  2:59  Barracks Tech Lab  
  31  3:05  SCV  
  32  3:13  Engineering Bay  
  32  3:15  Engineering Bay, SCV  
  32  3:18  SCV  
  34  3:21  Refinery  
  34  3:28  SCV  
  34  3:30  SCV  
  34  3:32  Hellion x2  
  40  3:40  SCV  
  41  3:42  Terran Infantry Weapons Level 1, SCV  
  43  3:52  SCV  
  43  3:53  Orbital Command  
  43  3:56  Terran Infantry Armor Level 1  
  43  4:00  Marine  
  43  4:01  Stimpack  
  43  4:02  SCV  
  45  4:04  SCV  
  45  4:09  Barracks  
  46  4:12  Barracks  
  46  4:14  SCV  
  46  4:16  SCV  
  48  4:18  Marine  
  49  4:24  SCV  
  49  4:25  Factory Reactor  
  49  4:26  SCV  
  49  4:27  Refinery x2  
  49  4:28  SCV  
  49  4:31  Orbital Command, Supply Depot  
  52  4:36  Marine  
  54  4:38  SCV  
  54  4:41  SCV  
  55  4:50  SCV  
  56  4:53  SCV  
  57  5:02  SCV  
  57  5:05  Barracks x2, SCV x2  
  57  5:06  Starport  
  60  5:10  Marine x5  
  60  5:11  Armory  
  60  5:12  Factory Reactor  
  65  5:14  SCV  
  65  5:17  SCV  
  65  5:18  SCV  
  65  5:19  Supply Depot  
  68  5:22  Supply Depot  
  68  5:27  SCV  
  69  5:33  Marine x5  
  69  5:34  SCV x2  
  76  5:40  Supply Depot x2, Combat Shield  
  76  5:42  SCV  
  77  5:44  Supply Depot  
  77  5:46  SCV x2  
  79  5:51  Supply Depot, Marine  
  79  5:53  Barracks Tech Lab, Medivac x2  
  79  5:54  Barracks Tech Lab  
  84  5:59  SCV x3  
  84  6:02  Terran Infantry Weapons Level 2  
  84  6:03  Factory Tech Lab  
  87  6:05  Terran Infantry Armor Level 2  
  87  6:11  SCV x3  
  90  6:21  Marauder x3, Marine x2  
  90  6:22  Marine x2  
  90  6:24  Medivac  
  102  6:27  Siege Tank  
  102  6:31  Medivac  
  107  6:34  Supply Depot x2  
  107  6:40  Supply Depot, Marine  
  107  6:41  Marine  
  107  6:42  Marauder  
  107  6:43  Marauder  
  107  6:45  Marine  
  107  6:46  Marine  
  114  6:47  Marauder  
  116  6:58  Marine  
  116  6:59  Marine, Siege Tank  
  121  7:03  Marine  
  121  7:04  Marauder x2, Supply Depot x2  
  126  7:09  Marauder  
  126  7:14  Marine  
  129  7:16  Marine x2  
  129  7:21  Marine  
  132  7:25  Barracks  
  132  7:28  Supply Depot, Barracks  
  132  7:31  Marauder x2, Barracks, Siege Tank  
  132  7:32  Marauder, Marine  
  132  7:33  Marine  
  136  7:45  Medivac x2  
  136  7:46  Marine x2  
  136  7:49  Marine  
  141  7:52  Marine  
  141  7:53  Marauder x3  
  147  8:03  Siege Tank  
  147  8:04  Marine x2  
  141  8:07  Marine  
  141  8:10  Marine  
  128  8:14  Marauder x3  
  128  8:17  Medivac  
  122  8:21  Marine  
  122  8:23  Marine  
  122  8:25  Marine x4  
  122  8:27  Marine  
  122  8:30  Medivac  
  119  8:35  Marine x3, Siege Tank  
  119  8:39  Marine  
  116  8:41  Marine  
  116  8:42  Concussive Shells  
  116  8:43  Marine x4  
  116  8:45  Marine  
  120  8:53  Command Center, Marine x3  
  123  8:57  Marine  
  123  8:59  Marine  
  123  9:01  Marine x4  
  125  9:04  Marine  
  126  9:11  Marauder x3  
  126  9:12  Siege Tank  
  126  9:15  Marine  
  133  9:17  Marine  
  133  9:18  Marine x3, Medivac x2  
  133  9:19  Marine  
  133  9:22  Marine  
  143  9:30  Refinery x2  
  143  9:32  Marauder, Marine x2  
  143  9:33  Marine  
  143  9:35  Marine  
  143  9:36  Marine x4  
  150  9:40  Marine  
Tags
 
League
Master
Matchup
TvZ
Replay Pack
hsc27
Spawn Locations
Cross Positions
Add a new tag
Caveats
  • Supply blocks, unpowered buildings, or Contaminate may cause inaccurate times.
  • Supply counts are checked every 10 seconds.